 Dungeon Crawl Stone Soup version bcrawl-1.19-7-g22fd707d3b (webtiles) character file.

Game seed: 8905964090498846915

196 Freyura the Twirler (level 5, -10/40 HPs)
             Began as a Demonspawn Gladiator on Nov 16, 2019.
             Was a Believer of Makhleb.
             Mangled by a crocodile (15 damage)
             ... in a sewer.
             The game lasted 00:09:10 (2407 turns).

Freyura the Twirler (Demonspawn Gladiator)          Turns: 2407, Time: 00:09:11

Health: -10/40     AC:  5    Str: 12 (14) XL:     5   Next: 45%
Magic:  6/6        EV: 12    Int:  7 (10) God:    Makhleb [**....]
Gold:   329        SH:  0    Dex: 14 (15) Spells: 4/4 levels left

rFire    . . .     SeeInvis .   a - +0 quarterstaff
rCold    + . .     Gourm    .   (shield currently unavailable)
rNeg     . . .     Faith    .   r - +0 ring mail
rPois    .         Spirit   .   (helmet restricted)
rElec    .         Reflect  .   (no cloak)
rCorr    .         Harm     .   (no gloves)
MR       .....                  (no boots)
Stlth    +.........             g - amulet of the acrobat
HPRegen  0.13/turn              m - ring of wizardry
MPRegen  0.10/turn              (no ring)

@: no status effects
A: horns 1, cold resistance 1, demonic guardian 1
a: Minor Destruction, Renounce Religion


You were in a sewer.
You worshipped Makhleb.
Makhleb was pleased with you.
You were not hungry.

You visited 1 branch of the dungeon, and saw 3 of its levels.
You also visited: Sewer.

You collected 329 gold pieces.

Inventory:

Hand Weapons
 a - a +0 quarterstaff (weapon)
Missiles
 d - 3 throwing nets (quivered) {!f}
Armour
 r - a +0 ring mail (worn)
Jewellery
 g - an amulet of the acrobat (around neck)
 m - a ring of wizardry (left hand)
 o - an uncursed amulet of magic regeneration
Scrolls
 i - a scroll of enchant armour {unknown}
 j - 2 scrolls of fog {unknown}
 n - 2 scrolls of identify
 p - a scroll of blinking {unknown}
 q - a scroll of immolation {unknown}
Potions
 e - a potion of lignification {unknown}
 h - a potion of mutation {unknown}
 k - a potion of resistance {unknown}
Comestibles
 f - 3 rations {!d}


   Skills:
 + Level 2.9 Fighting
 * Level 4.0 Staves
 - Level 1.7 Throwing
 + Level 1.9 Armour
 + Level 3.3 Dodging
 + Level 1.9 Invocations


You had 4 spell levels left.
You didn't know any spells.
Your spell library was empty.

Dungeon Overview and Level Annotations

Branches:
Dungeon (3/12)

Altars:
Lugonu
Makhleb
Vehumet


Innate Abilities, Weirdness & Mutations

You have a pair of small horns on your head.
Your flesh is cold resistant. (rC+)
A weak demonic guardian rushes to your aid.


Message History

The crocodile closely misses you.
You hit the crocodile.
The crocodile is moderately wounded.
The crocodile bites you!
You closely miss the crocodile.
The crocodile is moderately wounded.
The crocodile misses you.
You closely miss the crocodile. Your headbutt misses the crocodile.
The crocodile is moderately wounded.
The crocodile closely misses you.
You sock the crocodile!
You headbutt the crocodile, but do no damage.
The crocodile is heavily wounded.
The crocodile bites you. The crocodile bites you!
* * * LOW HITPOINT WARNING * * *
You closely miss the crocodile.
The crocodile is heavily wounded.
Your iron imp closely misses the crocodile.
The crocodile bites you!
You die...

#..$%$..#
#.......#
#.......# .......
..... .5. #t#
####### #@#
##.....## #.#
##...≈...#
#.#######...≈≈≈...
#..........≈≈≈≈≈†∩
#.#######...≈≈≈...
#.# ##...≈...# #.#
##.....## #.#
####### #.#


You could see a crocodile and a friendly iron imp.

Vanquished Creatures
  A howler monkey (D:3)
  A bullfrog skeleton (D:2)
  An adder (D:3)
  2 oozes
  3 worms
  2 dart slugs (D:3)
  2 leopard geckos
  9 orcs (D:3)
  2 ball pythons
  14 bats
  5 goblins
  9 hobgoblins
  A quokka (D:3)
  3 frilled lizards (D:2)
  11 kobolds
  4 rats
70 creatures vanquished.

Vanquished Creatures (collateral kills)
  Terence (D:3)
1 creature vanquished.

Vanquished Creatures (others)
  A hobgoblin (D:2)
  A kobold (D:2)
  4 toadstools (D:1)
6 creatures vanquished.

Grand Total: 77 creatures vanquished

Notes
Turn   | Place    | Note
-------+----------+-------------------------------------------
     0 | D:1      | Freyura the Demonspawn Gladiator began the quest for the
                  | Orb.
     0 | D:1      | Reached XP level 1. HP: 16/16 MP: 1/1
   193 | D:1      | Gained mutation: A weak demonic guardian rushes to your
                  | aid. [demonic ancestry]
   193 | D:1      | Reached XP level 2. HP: 22/22 MP: 2/2
   253 | D:1      | Reached skill level 3 in Staves
   866 | D:2      | Found a burning altar of Makhleb.
   946 | D:2      | Became a worshipper of Makhleb the Destroyer
   965 | D:2      | Reached skill level 1 in Armour
   965 | D:2      | Reached XP level 3. HP: 9/28 MP: 3/3
  1189 | D:2      | Found a corrupted altar of Lugonu.
  1238 | D:2      | Found a radiant altar of Vehumet.
  1415 | D:2      | Reached skill level 1 in Invocations
  1528 | D:2      | Reached * piety under Makhleb
  1798 | D:2      | Gained mutation: Your flesh is cold resistant. (rC+)
                  | [demonic ancestry]
  1798 | D:2      | Reached XP level 4. HP: 34/34 MP: 4/4
  1823 | D:3      | Noticed Terence
  1827 | D:3      | Killed Terence
  2068 | D:3      | Gained mutation: You have a pair of small horns on your
                  | head. [demonic ancestry]
  2068 | D:3      | Reached XP level 5. HP: 28/40 MP: 6/6
  2091 | D:3      | Reached skill level 4 in Staves
  2340 | D:3      | Found a glowing drain.
  2358 | Sewer    | Entered a sewer
  2361 | Sewer    | Reached ** piety under Makhleb
  2392 | Sewer    | Noticed a crocodile
  2407 | Sewer    | Mangled by a crocodile

Skill      XL: |  1  2  3  4  5 |
---------------+----------------+-----
Staves         | 3 4 |  4.0
Armour         | 1 |  1.9
Dodging        | 3 |  3.3
Invocations    | 1 |  1.9
Fighting       | |  2.9
Throwing       | |  1.7

Action                   |  1- 3 |  4- 6 || total
-------------------------+-------+-------++-------
Melee: Quarterstaff      |   103 |   116 ||   219
       Headbutt          |       |     4 ||     4
  Use: Scroll            |     1 |     1 ||     2
       Potion            |       |     1 ||     1
  Eat: Chunk             |     3 |     2 ||     5
Armor: Leather armour    |    33 |       ||    33
       Ring mail         |       |    21 ||    21
Dodge: Dodged            |    96 |    76 ||   172
